TEX
CORPUS CHRISTI HOOKS @ NORTHWEST ARKANSAS NATURALS
06/07/2099
 
TOP OF THE 1ST
Corpus Christi Hooks batting - Pitching for Northwest Arkansas Naturals : RHP Dave Rincon
Pitching: RHP Dave Rincon
Batting: LHB Malik Lindsey 0-0: DOUBLE (Line Drive, 78M, EV 92.5 MPH)
Batting: LHB Toby O'Dell 0-0: Called Strike
0-1: Ball
Malik Lindsey steals 3rd base
1-1: Ball
2-1: Ball
3-1: Foul Ball, location: 3FF
3-2: Strikes out swinging
Batting: RHB Eric Black 0-0: Ball
1-0: Called Strike
1-1: Called Strike
1-2: Strikes out swinging
Batting: RHB James Woodard 0-0: Foul Ball, location: 5F
0-1: Ball
1-1: Fly out, F7 (Line Drive, 7, EV 108.1 MPH)
Top of the 1st over - 0 runs, 1 hit, 0 errors, 1 left on base; Corpus Christi 0 - Northwest Arkansas 0
BOTTOM OF THE 1ST
Northwest Arkansas Naturals batting - Pitching for Corpus Christi Hooks : LHP Manny Bugarin
Pitching: LHP Manny Bugarin
Batting: RHB Austin Penland 0-0: Called Strike
0-1: Ball
1-1: SINGLE (Groundball, 4MS, EV 68.8 MPH) (infield hit)
Batting: RHB Sam Gilpin 0-0: Ball
1-0: Ball
2-0: Ball
3-0: Base on Balls
Austin Penland to second
Batting: LHB Daniel Pinedo 0-0: Called Strike
0-1: Ball
1-1: Swinging Strike
1-2: Strikes out swinging
Batting: RHB Justin Kilp 0-0: Called Strike
0-1: Called Strike
0-2: Foul Ball, location: 25F
0-2: Ball
1-2: Ball
2-2: Ball
3-2: Grounds into double play, 5-4-3 (Groundball, 56S, EV 85.6 MPH)
Bottom of the 1st over - 0 runs, 1 hit, 0 errors, 1 left on base; Corpus Christi 0 - Northwest Arkansas 0
TOP OF THE 2ND
Corpus Christi Hooks batting - Pitching for Northwest Arkansas Naturals : RHP Dave Rincon
Batting: RHB Curtis Wilbur 0-0: Ball
1-0: Fly out, F3 (Popup, 3F, EV 81.3 MPH)
Batting: RHB David Warren 0-0: Ground out 6-3 (Groundball, 6, EV 91.9 MPH)
Batting: RHB Chad Boston 0-0: Ball
1-0: Ball
2-0: Called Strike
2-1: Fly out, F5 (Popup, 56S, EV 73.8 MPH)
Top of the 2nd over - 0 runs, 0 hits, 0 errors, 0 left on base; Corpus Christi 0 - Northwest Arkansas 0
BOTTOM OF THE 2ND
Northwest Arkansas Naturals batting - Pitching for Corpus Christi Hooks : LHP Manny Bugarin
Batting: RHB Joe Austin 0-0: Called Strike
0-1: Ball
1-1: Foul Ball, location: 7LDF
1-2: Ball
2-2: Ground out 1-3 (Groundball, 34S, EV 64.4 MPH)
Batting: LHB Ken Campbell 0-0: Called Strike
0-1: Ball
1-1: Foul Ball, location: 2F
1-2: Foul Ball, location: 3FF
1-2: Ground out 4-3 (Groundball, 4, EV 80.6 MPH)
Batting: LHB Sean Eddy 0-0: Fly out, F8 (Flyball, 78XD, EV 101.9 MPH)
Bottom of the 2nd over - 0 runs, 0 hits, 0 errors, 0 left on base; Corpus Christi 0 - Northwest Arkansas 0
TOP OF THE 3RD
Corpus Christi Hooks batting - Pitching for Northwest Arkansas Naturals : RHP Dave Rincon
Batting: RHB Andres Munguia 0-0: Called Strike
0-1: Called Strike
0-2: SINGLE (Line Drive, 8LS, EV 106.9 MPH)
Batting: RHB Jason McCormick 0-0: Swinging Strike
0-1: Fly out, F8 (Flyball, 8LD, EV 93.8 MPH)
Batting: LHB Malik Lindsey 0-0: Ball
1-0: Ball
2-0: SINGLE (Line Drive, 8LS, EV 92.5 MPH)
Andres Munguia to second
Runner from 2nd tries for 3rd, SAFE, throw by CF made to third
Batting: LHB Toby O'Dell 0-0: Called Strike
0-1: Called Strike
Malik Lindsey steals 2nd base
0-2: Ball
1-2: Foul Ball, location: 7LMF
1-2: SINGLE (Line Drive, 7S, EV 96.9 MPH)
Andres Munguia scores
Malik Lindsey to third
Batting: RHB Eric Black 0-0: Called Strike
0-1: Foul Ball, location: 9LMF
0-2: Strikes out looking
Batting: RHB James Woodard 0-0: Foul Ball, location: 2F
0-1: Ball
1-1: Ball
2-1: Ball
3-1: Fielders Choice at 2nd, 6-4 (Groundball, 6, EV 86.3 MPH)
Top of the 3rd over - 1 run, 3 hits, 0 errors, 2 left on base; Corpus Christi 1 - Northwest Arkansas 0
BOTTOM OF THE 3RD
Northwest Arkansas Naturals batting - Pitching for Corpus Christi Hooks : LHP Manny Bugarin
Batting: LHB Dan Jackson 0-0: Foul Ball, location: 7LDF
0-1: Called Strike
0-2: Strikes out looking
Batting: RHB Hector Acosta 0-0: SINGLE (Groundball, 4MD, EV 100.0 MPH)
Batting: RHB Austin Penland 0-0: Ball
1-0: Grounds into double play, 6-4-3 (Groundball, 6, EV 80.0 MPH)
Bottom of the 3rd over - 0 runs, 1 hit, 0 errors, 0 left on base; Corpus Christi 1 - Northwest Arkansas 0
TOP OF THE 4TH
Corpus Christi Hooks batting - Pitching for Northwest Arkansas Naturals : RHP Dave Rincon
Batting: RHB Curtis Wilbur 0-0: Called Strike
0-1: Ball
1-1: Called Strike
1-2: Ball
2-2: Foul Ball, location: 5DF
2-2: Foul Ball, location: 2F
2-2: Foul Ball, location: 25FF
2-2: Foul Ball, location: 3FF
2-2: Foul Ball, location: 9LDF
2-2: Ball
3-2: Strikes out swinging
Batting: RHB David Warren 0-0: Ball
1-0: Swinging Strike
1-1: Ball
2-1: Ball
3-1: Base on Balls
Batting: RHB Chad Boston 0-0: Fielders Choice at 2nd, 4-6 (Groundball, 4M, EV 90.0 MPH)
Batting: RHB Andres Munguia 0-0: Ball
1-0: Ball
2-0: Ball
3-0: Called Strike
3-1: Swinging Strike
3-2: SINGLE (Groundball, 34D, EV 103.1 MPH)
Chad Boston to second
Chad Boston to third
Batting: RHB Jason McCormick 0-0: Foul Ball, location: 5FF
0-1: Called Strike
0-2: Ball
1-2: Ball
2-2: Foul Ball, location: 5FF
2-2: SINGLE (Line Drive, 89M, EV 101.3 MPH)
Chad Boston scores
Andres Munguia to second
Runner from 2nd tries for 3rd, SAFE, throw by CF made to third
Batting: LHB Malik Lindsey 0-0: Ball
1-0: Foul Ball, location: 2F
1-1: Called Strike
1-2: Foul Ball, location: 2LF
1-2: Foul Ball, location: 3F
1-2: DOUBLE (Line Drive, 8LD, EV 107.5 MPH)
Andres Munguia scores
Jason McCormick to third
Batting: LHB Toby O'Dell 0-0: 3-RUN HOME RUN (Line Drive, 89XD, EV 112.5 MPH), Distance : 467 ft
Pitching: RHP Joaquin Huerta
Batting: RHB Eric Black 0-0: Ball
1-0: Fly out, F7 (Flyball, 78S, EV 78.8 MPH)
Top of the 4th over - 5 runs, 4 hits, 0 errors, 0 left on base; Corpus Christi 6 - Northwest Arkansas 0
BOTTOM OF THE 4TH
Northwest Arkansas Naturals batting - Pitching for Corpus Christi Hooks : LHP Manny Bugarin
Batting: RHB Sam Gilpin 0-0: Called Strike
0-1: Called Strike
0-2: Foul Ball, location: 9LSF
0-2: Foul Ball, location: 9LMF
0-2: Foul Ball, location: 2F
0-2: Ball
1-2: SINGLE (Groundball, 6MS, EV 75.6 MPH) (infield hit)
Batting: LHB Daniel Pinedo 0-0: Ground out U3 (Groundball, 34S, EV 91.9 MPH)
Sam Gilpin to second
Batting: RHB Justin Kilp 0-0: Ball
1-0: Ball
2-0: Called Strike
2-1: Foul Ball, location: 9LDF
2-2: Foul Ball, location: 2F
2-2: Ball
3-2: Base on Balls
Batting: RHB Joe Austin 0-0: Swinging Strike
0-1: Fly out, F9 (Flyball, 9D, EV 87.5 MPH)
Runner from 2nd tags up, SAFE at 3rd, no throw by RF
Batting: LHB Ken Campbell 0-0: Ball
1-0: Called Strike
1-1: Ball
2-1: Foul Ball, location: 7LMF
2-2: Ball
3-2: Base on Balls
Justin Kilp to second
Batting: LHB Sean Eddy 0-0: Ball
1-0: Foul Ball, location: 3F
1-1: Foul Ball, location: 2F
1-2: Strikes out swinging
Bottom of the 4th over - 0 runs, 1 hit, 0 errors, 3 left on base; Corpus Christi 6 - Northwest Arkansas 0
TOP OF THE 5TH
Corpus Christi Hooks batting - Pitching for Northwest Arkansas Naturals : RHP Joaquin Huerta
Batting: RHB James Woodard 0-0: Ball
1-0: Fly out, F8 (Line Drive, 8RM, EV 92.5 MPH)
Batting: RHB Curtis Wilbur 0-0: Ball
1-0: Ball
2-0: SINGLE (Groundball, 34D, EV 94.4 MPH)
Batting: RHB David Warren 0-0: Called Strike
0-1: Ball
1-1: Foul Ball, location: 2LF
1-2: Foul Ball, location: 3F
1-2: Grounds into double play, 5-4-3 (Groundball, 56, EV 85.6 MPH)
Top of the 5th over - 0 runs, 1 hit, 0 errors, 0 left on base; Corpus Christi 6 - Northwest Arkansas 0
BOTTOM OF THE 5TH
Northwest Arkansas Naturals batting - Pitching for Corpus Christi Hooks : LHP Manny Bugarin
Batting: LHB Dan Jackson 0-0: Ball
1-0: Ball
2-0: Ball
3-0: Called Strike
3-1: Foul Ball, location: 2F
3-2: SINGLE (Line Drive, 8LS, EV 91.9 MPH)
Batting: RHB Hector Acosta 0-0: Ball
1-0: Grounds into double play, 6-4-3 (Groundball, 6, EV 91.9 MPH)
Batting: RHB Austin Penland 0-0: Ball
1-0: Ball
2-0: Foul Ball, location: 2F
2-1: Called Strike
2-2: Foul Ball, location: 7LMF
2-2: Foul Ball, location: 2F
2-2: Ball
3-2: Foul Ball, location: 2F
3-2: Foul Ball, location: 23F
3-2: Base on Balls
Batting: RHB Sam Gilpin 0-0: Called Strike
0-1: Fielders Choice at 2nd, 5-4 (Groundball, 5, EV 90.6 MPH)
Bottom of the 5th over - 0 runs, 1 hit, 0 errors, 1 left on base; Corpus Christi 6 - Northwest Arkansas 0
TOP OF THE 6TH
Corpus Christi Hooks batting - Pitching for Northwest Arkansas Naturals : RHP Joaquin Huerta
Batting: RHB Chad Boston 0-0: Ball
1-0: Foul Ball, location: 2F
1-1: Ground out 6-3 (Groundball, 6, EV 93.1 MPH)
Batting: RHB Andres Munguia 0-0: Ball
1-0: Called Strike
1-1: Hit by Pitch
Batting: RHB Jason McCormick 0-0: SINGLE (Groundball, 4D, EV 107.5 MPH)
Andres Munguia to second
Runner from 2nd tries for 3rd, SAFE, no throw by CF
Batting: LHB Malik Lindsey 0-0: Ball
1-0: Foul Ball, location: 25F
1-1: Ball
2-1: Foul Ball, location: 7LSF
2-2: Fly out, F8 (Flyball, 8LM, EV 85.6 MPH)
Runner from 3rd tags up, SCORES, throw by CF
Batting: LHB Toby O'Dell 0-0: Ball
1-0: Called Strike
1-1: Swinging Strike
1-2: Ball
2-2: Ball
3-2: Base on Balls
Jason McCormick to second
Batting: RHB Eric Black 0-0: Ball
1-0: SINGLE (Line Drive, 8LS, EV 85.6 MPH)
Jason McCormick to third
Toby O'Dell to second
Batting: RHB James Woodard 0-0: Called Strike
0-1: Ball
1-1: Ball
2-1: Foul Ball, location: 3SF
2-2: Strikes out swinging
Top of the 6th over - 1 run, 2 hits, 0 errors, 3 left on base; Corpus Christi 7 - Northwest Arkansas 0
BOTTOM OF THE 6TH
Northwest Arkansas Naturals batting - Pitching for Corpus Christi Hooks : LHP Manny Bugarin
Batting: LHB Daniel Pinedo 0-0: Ball
1-0: Ball
2-0: Ball
3-0: Base on Balls
Batting: RHB Justin Kilp 0-0: Ball
1-0: Called Strike
1-1: Foul Ball, location: 5DF
1-2: Strikes out swinging
Batting: RHB Joe Austin 0-0: Fly out, F8 (Line Drive, 8RD, EV 76.3 MPH)
Batting: LHB Ken Campbell 0-0: Ball
1-0: Fly out, F9 (Flyball, 89S, EV 88.1 MPH)
Bottom of the 6th over - 0 runs, 0 hits, 0 errors, 1 left on base; Corpus Christi 7 - Northwest Arkansas 0
TOP OF THE 7TH
Corpus Christi Hooks batting - Pitching for Northwest Arkansas Naturals : RHP Joaquin Huerta
Batting: RHB Curtis Wilbur 0-0: Ball
1-0: Ball
2-0: Ground out 3-1 (Groundball, 34S, EV 91.9 MPH)
Batting: RHB David Warren 0-0: Ball
1-0: Foul Ball, location: 2F
1-1: Foul Ball, location: 9LSF
1-2: Strikes out swinging
Batting: RHB Chad Boston 0-0: Ball
1-0: SINGLE (Line Drive, 34, EV 100.6 MPH)
Batting: RHB Andres Munguia 0-0: Ball
1-0: Called Strike
1-1: Fly out, F8 (Flyball, 89D, EV 102.5 MPH)
Top of the 7th over - 0 runs, 1 hit, 0 errors, 1 left on base; Corpus Christi 7 - Northwest Arkansas 0
BOTTOM OF THE 7TH
Northwest Arkansas Naturals batting - Pitching for Corpus Christi Hooks : LHP Manny Bugarin
Batting: LHB Sean Eddy 0-0: Foul Ball, location: 2F
0-1: Fly out, F8 (Flyball, 8LD, EV 108.8 MPH)
Batting: LHB Dan Jackson 0-0: Called Strike
0-1: Ball
1-1: Ball
2-1: Ball
3-1: Foul Ball, location: 3FF
3-2: Fly out, F7 (Flyball, 7, EV 77.5 MPH)
Batting: RHB Hector Acosta 0-0: Ground out 6-3 (Groundball, 6, EV 83.1 MPH)
Bottom of the 7th over - 0 runs, 0 hits, 0 errors, 0 left on base; Corpus Christi 7 - Northwest Arkansas 0
TOP OF THE 8TH
Corpus Christi Hooks batting - Pitching for Northwest Arkansas Naturals : RHP Joaquin Huerta
Batting: RHB Jason McCormick 0-0: Foul Ball, location: 9LMF
0-1: Ball
1-1: Fly out, F8 (Flyball, 8RM, EV 98.8 MPH)
Batting: LHB Malik Lindsey 0-0: Called Strike
0-1: Ball
1-1: Ball
2-1: SINGLE (Groundball, 4MD, EV 98.1 MPH)
Batting: LHB Toby O'Dell 0-0: Called Strike
0-1: Called Strike
0-2: Grounds into double play, U6-3 (Groundball, 4M, EV 98.1 MPH)
Top of the 8th over - 0 runs, 1 hit, 0 errors, 0 left on base; Corpus Christi 7 - Northwest Arkansas 0
BOTTOM OF THE 8TH
Northwest Arkansas Naturals batting - Pitching for Corpus Christi Hooks : LHP Manny Bugarin
Batting: RHB Austin Penland 0-0: Ball
1-0: Ball
2-0: Ball
3-0: Called Strike
3-1: Foul Ball, location: 2F
3-2: Fly out, F9 (Flyball, 9LM, EV 75.0 MPH)
Batting: RHB Sam Gilpin 0-0: Ball
1-0: Ball
2-0: Swinging Strike
2-1: Swinging Strike
2-2: DOUBLE (Line Drive, 78D, EV 110.0 MPH)
Pinch Hitting: RHB Shawn Moore 0-0: Called Strike
0-1: Foul Ball, location: 2F
0-2: Strikes out swinging
Batting: RHB Justin Kilp 0-0: Foul Ball, location: 3F
0-1: SINGLE (Line Drive, 89S, EV 103.1 MPH)
Sam Gilpin to third
Runner from 3rd tries for Home, SAFE, throw by RF to home
Justin Kilp to second
Pitching: RHP David Barnes
Batting: RHB Joe Austin 0-0: Foul Ball, location: 2F
0-1: Called Strike
0-2: Ball
1-2: Ball
2-2: Foul Ball, location: 9LDF
2-2: Ball
3-2: SINGLE (Groundball, 34D, EV 98.1 MPH)
Justin Kilp to third
Runner from 3rd tries for Home, SAFE, throw by RF to home
Batting: LHB Ken Campbell 0-0: Ball
1-0: Foul Ball, location: 7LMF
1-1: Foul Ball, location: 3F
1-2: Ball
2-2: Foul Ball, location: 23FF
2-2: Foul Ball, location: 23F
2-2: Strikes out looking
Bottom of the 8th over - 2 runs, 3 hits, 0 errors, 1 left on base; Corpus Christi 7 - Northwest Arkansas 2
TOP OF THE 9TH
Corpus Christi Hooks batting - Pitching for Northwest Arkansas Naturals : RHP Joaquin Huerta
Now at 1B: Eric Young
Batting: RHB Eric Black 0-0: Called Strike
0-1: Ball
1-1: Ball
2-1: Foul Ball, location: 25F
2-2: Foul Ball, location: 2F
2-2: Strikes out looking
Batting: RHB James Woodard 0-0: Called Strike
0-1: Ball
1-1: Ball
2-1: Ball
3-1: Foul Ball, location: 2F
3-2: Strikes out swinging
Batting: RHB Curtis Wilbur 0-0: Foul Ball, location: 9LDF
0-1: Called Strike
0-2: Foul Ball, location: 2F
0-2: Foul Ball, location: 7LSF
0-2: Ball
1-2: Ball
2-2: Ground out U3 (Groundball, 34, EV 103.1 MPH)
Top of the 9th over - 0 runs, 0 hits, 0 errors, 0 left on base; Corpus Christi 7 - Northwest Arkansas 2
BOTTOM OF THE 9TH
Northwest Arkansas Naturals batting - Pitching for Corpus Christi Hooks : RHP David Barnes
Batting: LHB Sean Eddy 0-0: Called Strike
0-1: Ball
1-1: Swinging Strike
1-2: Foul Ball, location: 3F
1-2: SINGLE (Line Drive, 7LS, EV 92.5 MPH)
Batting: LHB Dan Jackson 0-0: Ball
1-0: Foul Ball, location: 2F
1-1: Ball
2-1: Foul Ball, location: 7LDF
2-2: Strikes out looking
Pinch Hitting: LHB Dustin McCoy 0-0: Called Strike
0-1: Ball
Wild Pitch!
Sean Eddy to second
1-1: Called Strike
1-2: Ball
2-2: Fly out, F7 (Flyball, 78M, EV 95.0 MPH)
Batting: RHB Austin Penland 0-0: SINGLE (Line Drive, 56, EV 108.8 MPH)
Sean Eddy to third
Batting: RHB Sam Gilpin 0-0: Ball
1-0: Foul Ball, location: 2F
1-1: Foul Ball, location: 7LDF
1-2: Ball
2-2: SINGLE (Line Drive, 4D, EV 105.6 MPH)
Sean Eddy scores
Austin Penland to second
Batting: RHB Eric Young 0-0: Ball
1-0: Ball
2-0: Foul Ball, location: 23FF
2-1: Called Strike
2-2: Ball
3-2: Strikes out swinging
Bottom of the 9th over - 1 run, 3 hits, 0 errors, 2 left on base; Corpus Christi 7 - Northwest Arkansas 3
Wednesday, May 8th , 2024 - OOTP Baseball 24.11 Build 85